 Dungeon Crawl Stone Soup version 0.31.0-11-ge490571c62 (webtiles) character file.

Game seed: 3600761567427457193

4 ProzacElf the Ruffian (level 1, -1/15 HPs)
             Began as a Demigod Shapeshifter on Jan 31, 2024.
             Slain by a jackal (3 damage)
             ... on level 1 of the Dungeon.
             The game lasted 00:00:20 (31 turns).

ProzacElf the Ruffian (Demigod Shapeshifter)          Turns: 31, Time: 00:00:20

Health: -1/15      AC:  2    Str: 15    XL:     1   Next: 40%
Magic:  3/3        EV: 12    Int: 12    God:
Gold:   13         SH:  0    Dex: 13    Spells: 0/0 levels left

rFire   . .          .
                       - Unarmed
rCold   . . .        (no shield)
rNeg    . . .        a - +0 animal skin
rPois   .            (helmet currently unavailable)
rElec   .            (cloak currently unavailable)
rCorr   .            (gloves currently unavailable)
SInv    .            (boots currently unavailable)
Will    .....        (no amulet)
Stlth   +            (no ring)
HPRegen 0.22/turn    (no ring)
MPRegen 0.08/turn

%: no passive effects
@: beast-form
A: beast (slay +1), high MP 1, forlorn, divine attributes
a: Begin Untransformation


You were on level 1 of the Dungeon.
You were a hulking beast.
You visited 1 branch of the dungeon, and saw 1 of its levels.

You collected 13 gold pieces.

Inventory:

Armour
 a - a +0 animal skin (worn)
Talismans
 c - a beast talisman
 d - a flux talisman
Potions
 b - a potion of lignification


   Skills:
 - Level 0.8 Fighting
 - Level 1.7 Dodging
 + Level 2.8 Unarmed Combat
 + Level 2.8 Shapeshifting


You couldn't memorise any spells.
You didn't know any spells.
Your spell library was empty.

Dungeon Overview and Level Annotations

Branches:
Dungeon (1/15)


Innate Abilities, Weirdness & Mutations

You are a hulking beast.
Your limbs bulge with bestial killing power. (Slay +1)
You have an increased reservoir of magic. (+10% MP)
You shall have no god before yourself.
Your divine heritage dramatically boosts your attributes as you level up.


Message History

Tha giant cockroach bites ye but does nay damage.
Ye take 2 damage, an' haf 10/15 hp.
Tha jackal attacks as it pursues ye!
Tha jackal misses ye.
Tha jackal closely misses ye.
Tha jackal attacks as it pursues ye!
Tha jackal bites ye.
Ye take 2 damage, an' haf 8/15 hp.
Ye hit tha jackal but do nay damage.
Ye hit tha jackal.
Ye kill tha jackal!
Tha jackal bites ye but does nay damage. x2
Ye hit tha jackal.
Tha jackal be moderately wounded.
Tha jackal barely misses ye.
Tha jackal bites ye. x2
* * * LOW HITPOINT WARNIN'
* * * Ye take 4 damage, an' haf 4/15 hp.
MASSIVE DAMAGE!!
Ye barely miss tha jackal.
Tha jackal be moderately wounded.
Tha jackal closely misses ye. x2; Tha jackal bites ye.
* * * LOW HITPOINT WARNIN'
* * * Ye take 2 damage, an' haf 2/15 hp.
Ye hit tha jackal.
Tha jackal be severely wounded.
Tha jackal bites ye but does nay damage.
Tha jackal misses ye.
Tha ball python hisses angrily.
Ye hit tha jackal.
Ye kill tha jackal!
Tha jackal closely misses ye. x2
Ye hit tha giant cockroach.
Ye kill tha giant cockroach!
Tha jackal bites ye but does nay damage.
Ye hit tha jackal.
Tha jackal be moderately wounded.
Tha jackal bites ye.
* * * LOW HITPOINT WARNIN'
* * * Ye take 1 damage, an' haf 2/15 hp.
Ye miss tha jackal.
Tha jackal be moderately wounded.
Tha jackal barely misses ye.
Tha jackal misses ye.
Tha jackal bites ye.
Ye die...

#... #... .##
#..S# .. #....
.### ..
###...###...##
...#......$......
...#...h.........
#....###S..###
#....#hh....>#
#....#.h.....#.
#.#.............#
#.#......#......#
#.#.............#
#....#.......#...
#....#<......#...
##...###...### ..
##...........


You could see 2 jackals and a ball python.

Vanquished Creatures
  A giant cockroach (D:1)
  2 jackals (D:1)
3 creatures vanquished.

Notes
Turn   | Place    | Note
-------+----------+-------------------------------------------
     0 | D:1      | ProzacElf the Demigod Shapeshifter began the quest for the
                  | Orb.
     0 | D:1      | Reached XP level 1. HP: 15/15 MP: 3/3
    31 | D:1      | Slain by a jackal

Illustrated notes

Levels and vault maps discovered:
D:1:      minmay_arrival_open_corners, layout_basic,
          corexii_item_surrounded_by_moat, nicolae_nh_oracle_at_delphi

Action                     || total
---------------------------++-------
  Melee: Unarmed           ||    15
 Armour: Animal skin       ||    16
  Dodge: Dodged            ||    16

Action                     || total
---------------------------++-------
  Melee: Unarmed           ||    15
 Armour: Animal skin       ||    16
  Dodge: Dodged            ||    16

Levels and vault maps discovered:
D:1:      minmay_arrival_open_corners, layout_basic,
          corexii_item_surrounded_by_moat, nicolae_nh_oracle_at_delphi
